Map: Pride of Altaris LE

Players

AbdArRahman - Winner!

  • Race: Terran Terran
  • League: Master

PepegaTwo - Winner!

  • Race: Terran Terran
  • League: Platinum

A.I. 2 (Very Easy)

  • Race: Protoss Protoss

VOD

Have the link to the VOD?

Description

Time

  • Played on: Jan. 21, 2022, 5:50 a.m.
  • Length: 9:59
Show
View Real Time Build Order
Export as new Build Order

AbdArRahman Terran - Winner!

Build Orders:  

Get SALT Encoding   

  12  0:00  SCV  
  13  0:12  SCV  
  14  0:17  Supply Depot  
  14  0:25  SCV  
  15  0:38  SCV  
  15  0:40  Barracks  
  16  0:43  Refinery  
  16  0:51  SCV  
  17  1:03  SCV  
  18  1:15  SCV  
  19  1:28  Orbital Command  
  19  1:31  Marine  
  20  1:40  Command Center  
  20  1:50  Marine  
  21  1:54  SCV  
  21  1:57  Supply Depot  
  22  2:06  SCV  
  23  2:16  Barracks  
  23  2:18  Marine  
  23  2:19  SCV  
  25  2:28  Barracks  
  25  2:31  SCV  
  26  2:37  Marine  
  27  2:45  SCV  
  28  2:53  Orbital Command  
  28  2:57  SCV  
  29  3:04  Barracks Tech Lab x2  
  29  3:10  SCV  
  30  3:13  Command Center  
  30  3:18  Barracks Reactor  
  30  3:21  SCV  
  30  3:22  SCV  
  30  3:24  Marine x2  
  34  3:30  Stimpack  
  34  3:32  Combat Shield  
  34  3:35  SCV x2  
  34  3:40  Supply Depot  
  36  3:46  Marine x2  
  36  3:47  SCV x2  
  40  3:51  Engineering Bay  
  40  3:54  Engineering Bay  
  40  3:58  Marine x2  
  40  3:59  SCV x2  
  44  4:03  Supply Depot  
  44  4:07  Marine x2  
  46  4:12  SCV x2  
  48  4:20  Terran Infantry Weapons Level 1, Terran Infantry Armor Level 1  
  48  4:24  SCV x2  
  48  4:26  Marine x3, Supply Depot  
  48  4:28  Marine  
  54  4:37  SCV x2  
  56  4:49  Supply Depot, SCV x2  
  56  4:51  Marine x3  
  56  4:52  Marine  
  62  4:53  Factory  
  62  4:57  Supply Depot, Orbital Command  
  62  4:59  Supply Depot  
  62  5:01  SCV  
  62  5:02  SCV  
  64  5:09  Marine x3  
  64  5:10  Marine  
  64  5:14  SCV x2  
  70  5:21  Barracks  
  70  5:22  Supply Depot  
  70  5:23  Barracks, SCV  
  70  5:24  Supply Depot  
  70  5:26  SCV x2  
  70  5:28  Marine x3  
  77  5:36  SCV  
  77  5:37  Armory  
  77  5:38  SCV x2  
  80  5:46  Marine  
  80  5:47  Marine x3  
  83  5:50  SCV x3  
  83  5:51  Supply Depot  
  83  5:54  Supply Depot  
  86  6:00  Barracks  
  86  6:01  Barracks  
  86  6:02  Barracks  
  86  6:04  Marine  
  87  6:10  Marine x4  
  91  6:12  Marine  
  92  6:21  Marine  
  93  6:26  Barracks  
  93  6:27  Barracks  
  93  6:29  Barracks  
  93  6:30  Barracks  
  93  6:31  Barracks  
  93  6:32  Marine x4, Barracks  
  95  6:33  Marine  
  95  6:35  Barracks  
  98  6:42  Terran Infantry Weapons Level 2  
  98  6:48  Marine  
  98  6:49  Marine x3  
  98  6:50  Marine x5  
  98  6:53  Supply Depot  
  98  6:54  Supply Depot  
  107  7:06  Marine  
  107  7:08  Marine x4, Barracks x2  
  109  7:09  Supply Depot  
  109  7:10  Marine, Barracks  
  109  7:15  Marine x3  
  116  7:24  Marine  
  116  7:26  Marine x2, Supply Depot  
  116  7:27  Marine x3  
  122  7:33  Marine  
  122  7:34  Supply Depot  
  124  7:38  Marine  
  124  7:39  Marine  
  124  7:42  Marine  
  124  7:44  Marine x2  
  127  7:45  Marine x3  
  127  7:49  Supply Depot  
  127  7:51  Marine  
  132  7:56  Marine x2  
  132  7:57  Supply Depot  
  134  8:00  Marine  
  134  8:01  Marine  
  134  8:02  Marine x2  
  134  8:03  Marine x2  
  140  8:06  Marine  
  140  8:07  Marine x9  
  140  8:09  Marine  
  151  8:12  Supply Depot  
  151  8:14  Marine x2  
  151  8:17  Marine  
  151  8:19  Marine, Supply Depot  
  155  8:20  Marine x3  
  155  8:21  Marine  
  155  8:24  Marine x7  
  155  8:25  Marine x3  
  155  8:26  Marine  
  170  8:32  Marine x2  
  172  8:35  Marine  
  172  8:37  Marine  
  172  8:38  Marine x3  
  172  8:39  Marine  
  178  8:42  Marine x10  
  178  8:43  Supply Depot  
  178  8:44  Marine  
  178  8:46  Supply Depot  
  189  8:50  Marine x2  
  189  8:53  Marine  
  189  8:55  Marine  
  193  8:56  Marine x4  
  193  8:59  Marine  
  193  9:00  Marine x2  
  200  9:13  Barracks  
  200  9:15  Barracks  
  200  9:19  Barracks  
Show
View Real Time Build Order
Export as new Build Order

PepegaTwo Terran - Winner!

Build Orders:  

Get SALT Encoding   

  12  0:00  Probe  
  13  0:13  Probe  
  14  0:19  Pylon  
  14  0:43  Gateway  
  14  1:00  Nexus  
  14  1:18  Pylon  
  14  1:21  Zealot  
  14  1:23  Assimilator  
  16  1:32  Probe  
  16  1:35  Cybernetics Core  
  17  1:41  Probe  
  18  1:52  Probe  
  19  2:01  Probe  
  19  2:02  Assimilator  
  20  2:11  Probe  
  20  2:13  Warp Gate  
  20  2:14  Stalker  
  20  2:15  Probe  
  23  2:22  Probe  
  25  2:33  Probe  
  26  2:54  Probe  
  26  2:56  Assimilator  
  27  3:00  Pylon  
  27  3:01  Probe  
  28  3:07  Robotics Facility  
  28  3:09  Probe  
  29  3:19  Probe  
  30  3:26  Probe  
  31  3:31  Zealot  
  31  3:33  Probe  
  34  3:40  Probe  
  35  3:47  Probe  
  36  3:54  Probe  
  37  3:56  Observer  
  37  4:01  Assimilator  
  37  4:02  Probe  
  39  4:06  Probe  
  40  4:13  Probe  
  41  4:17  Observer  
  41  4:19  Probe  
  43  4:26  Probe  
  44  4:37  Probe  
  45  4:41  Pylon  
  45  4:44  Probe  
  46  4:47  Stalker  
  46  4:52  Probe  
  49  4:59  Probe  
  50  9:26  Stalker  
  50  9:31  Pylon  
  48  9:33  Probe  
  4  9:55  Zealot  
Show
View Real Time Build Order
Export as new Build Order

A.I. 2 (Very Easy) Protoss 

Build Orders:  

Get SALT Encoding   

Tags
 
Add a new tag
Caveats
  • Supply blocks, unpowered buildings, or Contaminate may cause inaccurate times.
  • Supply counts are checked every 10 seconds.